Canucks vs Golden Knights
Created - December 23, 2022 at 19:54
Goals
|
Canucks |
0 |
1 |
1 |
2 |
Golden Knights |
1 |
1 |
2 |
4 |
|
Shots
|
Canucks |
6 |
11 |
14 |
31 |
Golden Knights |
7 |
9 |
13 |
29 |
|
1st period
1. Golden Knights , Mathew Dumba 5 (Jake Guentzel 11, Andrei Loktionov 14) at 18:29 (PP)
Penalties :
Marcus Johansson (Van) for Roughing (Minor) at 18:20
2nd period
2. Golden Knights , Andrei Loktionov 5 (Jake Guentzel 12, Alexander Radulov 6) at 1:46
3. Canucks , Robert Nilsson 12 (Drew Doughty 14, Kyle Clifford 13) at 19:30
Penalties :
Josh Gorges (Van) for Cross-checking (Minor) at 4:07
3rd period
4. Golden Knights , Luke Glendening 5 (Lawson Crouse 3, Olli Maatta 1) at 8:02
5. Golden Knights , Andrei Loktionov 6 (Jake Guentzel 13, Alexander Radulov 7) at 8:16
6. Canucks , Brandon Sutter 10 (Sam Gagner 11, Derick Brassard 13) at 11:14
Penalties :
Tyler Myers (Van) for Holding (Minor) at 0:22, Ryan O'Reilly (Veg) for Hooking (Minor) at 16:56, Tyler Myers (Van) for Tripping (Minor) at 17:11
Goalie Stats
Alexandar Georgiev (Van), 25 saves from 29 shots - (0.862), L, 8-9-1, 60:00 minutes
Ondrej Pavelec (Veg), 29 saves from 31 shots - (0.935), W, 11-5-0, 60:00 minutes
Players Stats for Canucks
Player Name G A P +/- PIM S H SB GA TA FO MP PP MP PK MP
------------------------------------------------------------------------------------
Ben Lovejoy 0 0 0 1 0 0 1 1 0 0 0/0 15:04 0:00 0:15
Brandon Burlon 0 0 0 0 0 0 0 0 0 1 0/0 4:38 0:00 0:33
Brandon Sutter 1 0 1 -1 0 2 0 0 0 0 6/13 19:03 0:00 1:03
Daniel Carcillo 0 0 0 0 0 0 1 0 0 0 0/0 9:02 0:00 1:22
Derick Brassard 0 1 1 -1 0 4 1 1 1 0 0/0 19:59 0:00 1:32
Drew Doughty 0 1 1 -2 0 2 3 1 1 1 0/0 27:24 0:15 2:45
Gilbert Brule 0 0 0 0 0 1 1 1 0 0 2/5 14:14 0:00 0:00
Hampus Lindholm 0 0 0 0 0 3 0 3 2 1 0/0 19:42 0:00 1:37
Josh Bailey 0 0 0 0 0 1 3 0 1 0 0/0 13:05 0:00 0:00
Josh Gorges 0 0 0 1 2 0 0 0 0 0 0/0 13:29 0:00 0:55
Jujhar Khaira 0 0 0 0 0 1 1 0 0 0 0/0 13:25 0:00 0:00
Kyle Clifford 0 1 1 0 0 4 2 0 0 0 4/8 24:09 0:15 2:20
Marcus Johansson 0 0 0 0 2 2 2 1 0 0 0/1 16:39 0:15 0:00
Maxim Talbot 0 0 0 0 0 2 1 0 0 0 0/2 5:37 0:00 0:00
Michael Kostka 0 0 0 0 0 1 1 0 0 1 0/0 19:42 0:00 1:37
Robert Nilsson 1 0 1 0 0 5 2 0 1 1 11/21 20:08 0:15 2:27
Sam Gagner 0 1 1 -1 0 3 0 0 0 0 0/0 17:15 0:00 0:00
Tyler Myers 0 0 0 -2 4 0 1 1 0 0 0/0 21:15 0:14 1:02
Players Stats for Golden Knights
Player Name G A P +/- PIM S H SB GA TA FO MP PP MP PK MP
------------------------------------------------------------------------------------
Alexander Radulov 0 2 2 1 0 5 1 3 0 0 1/4 21:33 2:10 0:15
Andrei Loktionov 2 1 3 1 0 4 1 1 1 0 11/26 18:53 2:10 0:00
Andrew Cogliano 0 0 0 0 0 0 1 0 0 0 1/1 15:40 1:57 0:00
Anton Lindholm 0 0 0 0 0 0 0 1 0 0 0/0 13:45 0:00 0:00
Corey Shueneman 0 0 0 0 0 1 1 2 0 0 0/0 13:45 0:00 0:00
Danny DeKeiser 0 0 0 1 0 0 3 2 0 0 0/0 27:04 2:24 0:15
Jake Guentzel 0 3 3 1 0 4 1 0 0 0 0/0 21:43 2:10 0:15
Jamie Oleksiak 0 0 0 0 0 1 0 2 1 1 0/0 19:11 1:58 0:00
Kyle Rau 0 0 0 0 0 0 1 0 1 0 2/2 12:49 0:00 0:00
Lawson Crouse 0 1 1 0 0 1 3 0 1 0 1/2 12:34 0:00 0:00
Luke Glendening 1 0 1 0 0 3 0 1 0 1 1/1 14:58 0:15 0:00
Mathew Dumba 1 0 1 1 0 1 2 3 0 2 0/0 27:04 2:24 0:15
Michael Raffl 0 0 0 0 0 2 0 0 0 0 0/0 8:36 0:00 0:00
Olli Maatta 0 1 1 0 0 1 2 2 0 1 0/0 19:11 1:58 0:00
Ryan O'Reilly 0 0 0 0 2 1 0 0 0 0 5/8 16:23 2:12 0:00
Sebastian Aho 0 0 0 0 0 1 0 0 1 1 3/3 8:36 0:00 0:00
Tom Wilson 0 0 0 0 0 1 4 1 0 0 2/2 17:39 2:12 0:00
Victor Olofsson 0 0 0 0 0 3 1 0 0 0 0/1 8:36 0:00 0:00
3 Stars
1 - Andrei Loktionov (Veg)
2 - Jake Guentzel (Veg)
3 - Mathew Dumba (Veg)
Power Play
Canucks - 0 on 1 Attempt(s) - 0.00%
Golden Knights - 1 on 4 Attempt(s) - 25.00%
Penalty Kill
Canucks - 3 on 4 Attempt(s) - 75.00%
- Score 0 goal in Penalty Kill
Golden Knights - 1 on 1 Attempt(s) - 100.00%
- Score 0 goal in Penalty Kill
Team Stat
Canucks - Hits : 20 - Faceoff Wins : 23 - Blocked Shots : 9 - Penalty Minutes : 8
Golden Knights - Hits : 21 - Faceoff Wins : 27 - Blocked Shots : 18 - Penalty Minutes : 2
Official
Referees : Brandon Blandina and Steve Kozari
Linesman : Ryan Gibbons and Scott Cherrey
Game Notes
Andrei Loktionov is injured at 12:18 of 3rd period (Strained Left Elbow)
Finance
Level 1 -- Attendance: 5649 (94.15%) -- Ticket Income $564,900
Level 2 -- Attendance: 5000 (100.00%) -- Ticket Income $300,000
Level 3 -- Attendance: 2000 (100.00%) -- Ticket Income $70,000
Level 4 -- Attendance: 4000 (100.00%) -- Ticket Income $100,000
Luxury Box -- Attendance: 972 (97.20%) -- Ticket Income $194,400
Game was played at the T-Mobile Arena.
Total Attendance: 17621 (97.89%)
Total Ticket Income: $1,229,300
Other Income: $184,395
Total Income: $1,413,695
Canucks
5 vs 5 Forward
Center Left Wing Right Wing Time % Phy DF OF
1 Robert Nilsson Kyle Clifford Marcus Johansson 40 1 2 2
2 Brandon Sutter Derick Brassard Sam Gagner 30 1 2 2
3 Gilbert Brule Jujhar Khaira Josh Bailey 20 1 2 2
4 Maxim Talbot Daniel Carcillo Kyle Clifford 10 1 2 2
5 vs 5 Defense
Defense Defense Time % Phy DF OF
1 Drew Doughty Tyler Myers 40 1 2 2
2 Hampus Lindholm Michael Kostka 30 1 2 2
3 Ben Lovejoy Josh Gorges 20 1 2 2
4 Brandon Burlon Drew Doughty 10 1 2 2
PowerPlay Forward
Center Left Wing Right Wing Time % Phy DF OF
1 Robert Nilsson Kyle Clifford Marcus Johansson 60 1 2 2
2 Brandon Sutter Derick Brassard Sam Gagner 40 1 2 2
PowerPlay Defense
Defense Defense Time % Phy DF OF
1 Drew Doughty Tyler Myers 60 1 2 2
2 Hampus Lindholm Michael Kostka 40 1 2 2
Penalty Kill 4 Players Forward
Center Wing Time % Phy DF OF
1 Kyle Clifford Robert Nilsson 60 1 2 2
2 Derick Brassard Brandon Sutter 40 1 2 2
Penalty Kill 4 Players Defense
Defense Defense Time % Phy DF OF
1 Drew Doughty Tyler Myers 60 1 2 2
2 Hampus Lindholm Michael Kostka 40 1 2 2
Penalty Kill - 3 Players Forward
Forward Time % Phy DF OF
1 Kyle Clifford 60 1 2 2
2 Robert Nilsson 40 1 2 2
Penalty Kill - 3 Players Defense
Defense Defense Time % Phy DF OF
1 Drew Doughty Tyler Myers 60 1 2 2
2 Hampus Lindholm Michael Kostka 40 1 2 2
4 vs 4 Forward
Center Wing Time % Phy DF OF
1 Kyle Clifford Robert Nilsson 60 1 2 2
2 Derick Brassard Brandon Sutter 40 1 2 2
4 vs 4 Defense
Defense Defense Time % Phy DF OF
1 Drew Doughty Tyler Myers 60 1 2 2
2 Hampus Lindholm Michael Kostka 40 1 2 2
Last Minutes Offensive
Center Left Wing Right Wing Defense Defense
Robert Nilsson Kyle Clifford Marcus Johansson Drew Doughty Tyler Myers
Last Minutes Defensive
Center Left Wing Right Wing Defense Defense
Robert Nilsson Kyle Clifford Marcus Johansson Drew Doughty Tyler Myers
Goaltenders
Starting : Alexandar Georgiev
Backup : Matt Hackett
Extra Forwards
Normal : Gilbert Brule, Jujhar Khaira, Daniel Carcillo - PP : Gilbert Brule, Jujhar Khaira - PK : Daniel Carcillo
Extra Defensemen
Normal : Ben Lovejoy, Josh Gorges, Brandon Burlon - PP : Ben Lovejoy - PK : Josh Gorges, Brandon Burlon
Penalty Shots
Kyle Clifford, Robert Nilsson, Derick Brassard, Brandon Sutter, Marcus Johansson
Scratches
None
Golden Knights
5 vs 5 Forward
Center Left Wing Right Wing Time % Phy DF OF
1 Andrei Loktionov Jake Guentzel Alexander Radulov 40 1 2 2
2 Ryan O'Reilly Andrew Cogliano Tom Wilson 30 1 2 2
3 Kyle Rau Lawson Crouse Luke Glendening 20 1 2 2
4 Sebastian Aho Michael Raffl Victor Olofsson 10 1 2 2
5 vs 5 Defense
Defense Defense Time % Phy DF OF
1 Mathew Dumba Danny DeKeiser 40 1 2 2
2 Olli Maatta Jamie Oleksiak 30 1 2 2
3 Anton Lindholm Corey Shueneman 20 1 2 2
4 Mathew Dumba Danny DeKeiser 10 1 2 2
PowerPlay Forward
Center Left Wing Right Wing Time % Phy DF OF
1 Andrei Loktionov Jake Guentzel Alexander Radulov 60 1 2 2
2 Ryan O'Reilly Andrew Cogliano Tom Wilson 40 1 2 2
PowerPlay Defense
Defense Defense Time % Phy DF OF
1 Mathew Dumba Danny DeKeiser 60 1 2 2
2 Olli Maatta Jamie Oleksiak 40 1 2 2
Penalty Kill 4 Players Forward
Center Wing Time % Phy DF OF
1 Andrei Loktionov Jake Guentzel 60 1 2 2
2 Ryan O'Reilly Andrew Cogliano 40 1 2 2
Penalty Kill 4 Players Defense
Defense Defense Time % Phy DF OF
1 Mathew Dumba Danny DeKeiser 60 1 2 2
2 Olli Maatta Jamie Oleksiak 40 1 2 2
Penalty Kill - 3 Players Forward
Forward Time % Phy DF OF
1 Andrei Loktionov 60 1 2 2
2 Ryan O'Reilly 40 1 2 2
Penalty Kill - 3 Players Defense
Defense Defense Time % Phy DF OF
1 Mathew Dumba Danny DeKeiser 60 1 2 2
2 Olli Maatta Jamie Oleksiak 40 1 2 2
4 vs 4 Forward
Center Wing Time % Phy DF OF
1 Andrei Loktionov Jake Guentzel 60 1 2 2
2 Ryan O'Reilly Andrew Cogliano 40 1 2 2
4 vs 4 Defense
Defense Defense Time % Phy DF OF
1 Mathew Dumba Danny DeKeiser 60 1 2 2
2 Olli Maatta Jamie Oleksiak 40 1 2 2
Last Minutes Offensive
Center Left Wing Right Wing Defense Defense
Andrei Loktionov Jake Guentzel Alexander Radulov Mathew Dumba Danny DeKeiser
Last Minutes Defensive
Center Left Wing Right Wing Defense Defense
Andrei Loktionov Jake Guentzel Alexander Radulov Mathew Dumba Danny DeKeiser
Goaltenders
Starting : Ondrej Pavelec
Backup : Laurent Brossoit
Extra Forwards
Normal : Alexander Radulov, Tom Wilson, Luke Glendening - PP : Alexander Radulov, Tom Wilson - PK : Alexander Radulov
Extra Defensemen
Normal : Jamie Oleksiak, Anton Lindholm, Corey Shueneman - PP : Jamie Oleksiak - PK : Jamie Oleksiak, Anton Lindholm
Penalty Shots
Jake Guentzel, Andrei Loktionov, Ryan O'Reilly, Andrew Cogliano, Alexander Radulov
Scratches
Alexandre Grenier (Healthy), Max Reinhart (Healthy), Thomas Vanek (Healthy), Vladimir Mihalik (Strained Left Elbow Injury), Zach Bogosian (Healthy)
% Time on Ice - Canucks
Lines # - Real PCT - Wanted PCT - Time Play
Normal Forward
1 - 33% - 40% - 17:42
2 - 32% - 30% - 17:15
3 - 24% - 20% - 13:05
4 - 10% - 10% - 5:37
Normal Defense
1 - 37% - 40% - 20:00
2 - 33% - 30% - 17:27
3 - 23% - 20% - 12:13
4 - 7% - 10% - 3:59
PP Forward
1 - 100% - 60% - 0:15
2 - 0% - 40% - 0:00
PP Defense
1 - 100% - 60% - 0:15
2 - 0% - 40% - 0:00
PK Forward
1 - 82% - 60% - 3:36
2 - 18% - 40% - 0:46
PK Defense
1 - 63% - 60% - 2:45
2 - 37% - 40% - 1:37
PK3 Forward
1 - 0% - 60%
2 - 0% - 40%
PK3 Defense
1 - 0% - 60%
2 - 0% - 40%
44 Forward
1 - 78% - 60% - 1:21
2 - 22% - 40% - 0:23
44 Defense
1 - 63% - 60% - 1:06
2 - 37% - 40% - 0:38
Last Minute Offensive - 0:00
Last Minute Defensive - 0:00
Total
Forward - 60:00
Defense - 60:00
|
% Time on Ice - Golden Knights
Lines # - Real PCT - Wanted PCT - Time Play
Normal Forward
1 - 36% - 40% - 19:06
2 - 25% - 30% - 13:23
3 - 23% - 20% - 12:34
4 - 16% - 10% - 8:36
Normal Defense
1 - 37% - 40% - 20:02
2 - 31% - 30% - 16:45
3 - 26% - 20% - 13:45
4 - 6% - 10% - 3:07
PP Forward
1 - 55% - 60% - 2:25
2 - 45% - 40% - 1:57
PP Defense
1 - 55% - 60% - 2:24
2 - 45% - 40% - 1:58
PK Forward
1 - 100% - 60% - 0:15
2 - 0% - 40% - 0:00
PK Defense
1 - 100% - 60% - 0:15
2 - 0% - 40% - 0:00
PK3 Forward
1 - 0% - 60%
2 - 0% - 40%
PK3 Defense
1 - 0% - 60%
2 - 0% - 40%
44 Forward
1 - 100% - 60% - 1:44
2 - 0% - 40% - 0:00
44 Defense
1 - 73% - 60% - 1:16
2 - 27% - 40% - 0:28
Last Minute Offensive - 0:00
Last Minute Defensive - 0:00
Total
Forward - 60:00
Defense - 60:00
|
Play-by-Play
1st period
0:01 of 1st period - Robert Nilsson wins face-off versus Andrei Loktionov in neutral zone.
0:11 of 1st period - Drew Doughty is hit by Mathew Dumba and loses puck.
0:36 of 1st period - Wrist shot by Derick Brassard.
0:36 of 1st period - Shot Misses the Net.
0:38 of 1st period - Slapshot by Tyler Myers.
0:38 of 1st period - Shot Misses the Net.
0:40 of 1st period - Wrist shot by Drew Doughty.
0:40 of 1st period - Stopped by Ondrej Pavelec with a rebound.
0:52 of 1st period - Michael Kostka is hit by Danny DeKeiser and loses puck.
0:59 of 1st period - Slapshot by Hampus Lindholm.
0:59 of 1st period - Shot Blocked by Mathew Dumba.
1:09 of 1st period - Mathew Dumba is hit by Daniel Carcillo.
1:29 of 1st period - Marcus Johansson is hit by Alexander Radulov and loses puck.
2:30 of 1st period - Snap shot by Luke Glendening.
2:30 of 1st period - Stopped by Alexandar Georgiev with a rebound.
2:32 of 1st period - Snap shot by Lawson Crouse.
2:32 of 1st period - Shot Blocked by Ben Lovejoy.
3:25 of 1st period - Victor Olofsson is hit by Marcus Johansson and loses puck.
4:58 of 1st period - Snap shot by Jake Guentzel.
4:58 of 1st period - Shot Blocked by Hampus Lindholm.
5:16 of 1st period - Snap shot by Sam Gagner.
5:16 of 1st period - Shot Misses the Net.
5:38 of 1st period - Wrist shot by Andrei Loktionov.
5:38 of 1st period - Stopped by Alexandar Georgiev without a rebound.
5:39 of 1st period - Robert Nilsson wins face-off versus Ryan O'Reilly in Canucks zone.
5:39 of 1st period - Robert Nilsson is hit by Tom Wilson.
5:57 of 1st period - Drew Doughty is hit by Olli Maatta and loses puck.
6:12 of 1st period - Drew Doughty is hit by Lawson Crouse and loses puck.
7:01 of 1st period - Icing by Anton Lindholm.
7:02 of 1st period - Lawson Crouse wins face-off versus Robert Nilsson in Golden Knights zone.
7:13 of 1st period - Josh Gorges is hit by Lawson Crouse and loses puck.
7:26 of 1st period - Snap shot by Jujhar Khaira.
7:26 of 1st period - Shot Blocked by Tom Wilson.
7:48 of 1st period - Robert Nilsson is hit by Victor Olofsson and loses puck.
8:58 of 1st period - Off-side.
8:59 of 1st period - Kyle Rau wins face-off versus Maxim Talbot in neutral zone.
9:14 of 1st period - Olli Maatta is hit by Josh Bailey and loses puck.
10:22 of 1st period - Tyler Myers is hit by Danny DeKeiser and loses puck.
10:49 of 1st period - Snap shot by Kyle Clifford.
10:49 of 1st period - Shot Misses the Net.
10:51 of 1st period - Wrist shot by Tyler Myers.
10:51 of 1st period - Shot Misses the Net.
11:24 of 1st period - Kyle Clifford is hit by Andrew Cogliano and loses puck.
11:32 of 1st period - Icing by Kyle Clifford.
11:33 of 1st period - Andrei Loktionov wins face-off versus Maxim Talbot in Canucks zone.
11:42 of 1st period - Slapshot by Hampus Lindholm.
11:42 of 1st period - Shot Blocked by Alexander Radulov.
12:16 of 1st period - Slapshot by Josh Bailey.
12:16 of 1st period - Stopped by Ondrej Pavelec without a rebound.
12:17 of 1st period - Kyle Rau wins face-off versus Gilbert Brule in Golden Knights zone.
12:17 of 1st period - Kyle Rau is hit by Josh Bailey.
12:25 of 1st period - Wrist shot by Lawson Crouse.
12:25 of 1st period - Shot Blocked by Gilbert Brule.
12:27 of 1st period - Slapshot by Danny DeKeiser.
12:27 of 1st period - Shot Blocked by Drew Doughty.
13:08 of 1st period - Off-side.
13:09 of 1st period - Ryan O'Reilly wins face-off versus Brandon Sutter in neutral zone.
13:12 of 1st period - Brandon Sutter is hit by Tom Wilson and loses puck.
13:23 of 1st period - Wrist shot by Ryan O'Reilly.
13:23 of 1st period - Stopped by Alexandar Georgiev with a rebound.
13:25 of 1st period - Slapshot by Jamie Oleksiak.
13:25 of 1st period - Shot Misses the Net.
14:00 of 1st period - Snap shot by Andrei Loktionov.
14:00 of 1st period - Shot Misses the Net.
14:02 of 1st period - Slapshot by Alexander Radulov.
14:02 of 1st period - Stopped by Alexandar Georgiev with a rebound.
14:06 of 1st period - Snap shot by Jake Guentzel.
14:06 of 1st period - Stopped by Alexandar Georgiev with a rebound.
14:22 of 1st period - Wrist shot by Jujhar Khaira.
14:22 of 1st period - Shot Misses the Net.
14:24 of 1st period - Slapshot by Josh Bailey.
14:24 of 1st period - Shot Misses the Net.
15:38 of 1st period - Wrist shot by Kyle Rau.
15:38 of 1st period - Shot Misses the Net.
15:58 of 1st period - Kyle Rau is hit by Tyler Myers and loses puck.
16:11 of 1st period - Derick Brassard is hit by Lawson Crouse.
17:01 of 1st period - Snap shot by Sam Gagner.
17:01 of 1st period - Shot Misses the Net.
17:03 of 1st period - Snap shot by Drew Doughty.
17:03 of 1st period - Shot Misses the Net.
17:09 of 1st period - Snap shot by Derick Brassard.
17:09 of 1st period - Stopped by Ondrej Pavelec with a rebound.
17:11 of 1st period - Slapshot by Derick Brassard.
17:11 of 1st period - Shot Hit the Post.
17:15 of 1st period - Snap shot by Derick Brassard.
17:15 of 1st period - Shot Misses the Net.
17:17 of 1st period - Slapshot by Sam Gagner.
17:17 of 1st period - Deflect By Derick Brassard.
17:17 of 1st period - Shot Misses the Net.
17:17 of 1st period - Puck is out of play.
17:18 of 1st period - Robert Nilsson wins face-off versus Alexander Radulov in Golden Knights zone.
18:09 of 1st period - Snap shot by Maxim Talbot.
18:09 of 1st period - Stopped by Ondrej Pavelec with a rebound.
18:11 of 1st period - Snap shot by Daniel Carcillo.
18:11 of 1st period - Shot Blocked by Jamie Oleksiak.
18:20 of 1st period - Minor Penalty to Marcus Johansson for Roughing.
18:21 of 1st period - Andrei Loktionov wins face-off versus Kyle Clifford in Canucks zone.
18:27 of 1st period - Snap shot by Jake Guentzel.
18:27 of 1st period - Stopped by Alexandar Georgiev with a rebound.
18:29 of 1st period - Slapshot by Mathew Dumba.
18:29 of 1st period - Goal by Mathew Dumba - Canucks : 0 - Golden Knights : 1.
18:30 of 1st period - Robert Nilsson wins face-off versus Andrei Loktionov in neutral zone.
18:37 of 1st period - Wrist shot by Kyle Clifford.
18:37 of 1st period - Shot Misses the Net.
18:39 of 1st period - Snap shot by Michael Kostka.
18:39 of 1st period - Shot Blocked by Andrei Loktionov.
18:41 of 1st period - Snap shot by Marcus Johansson.
18:41 of 1st period - Shot Blocked by Mathew Dumba.
18:43 of 1st period - Slapshot by Michael Kostka.
18:43 of 1st period - Stopped by Ondrej Pavelec with a rebound.
19:09 of 1st period - Wrist shot by Andrew Cogliano.
19:09 of 1st period - Shot Misses the Net.
19:43 of 1st period - Slapshot by Hampus Lindholm.
19:43 of 1st period - Stopped by Ondrej Pavelec with a rebound.
Goals for this period are 0 for Canucks vs 1 for Golden Knights.
Shots for this period are 6 for Canucks vs 7 for Golden Knights.
2nd period
0:01 of 2nd period - Robert Nilsson wins face-off versus Andrei Loktionov in neutral zone.
0:06 of 2nd period - Snap shot by Marcus Johansson.
0:06 of 2nd period - Stopped by Ondrej Pavelec with a rebound.
0:26 of 2nd period - Andrew Cogliano is hit by Drew Doughty and loses puck.
0:37 of 2nd period - Slapshot by Derick Brassard.
0:37 of 2nd period - Stopped by Ondrej Pavelec with a rebound.
1:16 of 2nd period - Wrist shot by Maxim Talbot.
1:16 of 2nd period - Stopped by Ondrej Pavelec with a rebound.
1:28 of 2nd period - Icing by Alexander Radulov.
1:29 of 2nd period - Andrei Loktionov wins face-off versus Brandon Sutter in Golden Knights zone.
1:44 of 2nd period - Wrist shot by Jake Guentzel.
1:44 of 2nd period - Shot Misses the Net.
1:46 of 2nd period - Slapshot by Andrei Loktionov.
1:46 of 2nd period - Goal by Andrei Loktionov - Canucks : 0 - Golden Knights : 2.
1:47 of 2nd period - Andrei Loktionov wins face-off versus Robert Nilsson in neutral zone.
1:58 of 2nd period - Snap shot by Kyle Clifford.
1:58 of 2nd period - Stopped by Ondrej Pavelec without a rebound.
1:59 of 2nd period - Robert Nilsson wins face-off versus Andrei Loktionov in Golden Knights zone.
3:01 of 2nd period - Slapshot by Hampus Lindholm.
3:01 of 2nd period - Stopped by Ondrej Pavelec without a rebound.
3:02 of 2nd period - Ryan O'Reilly wins face-off versus Robert Nilsson in Golden Knights zone.
3:13 of 2nd period - Olli Maatta is hit by Robert Nilsson.
3:56 of 2nd period - Wrist shot by Lawson Crouse.
3:56 of 2nd period - Shot Misses the Net.
4:02 of 2nd period - Snap shot by Lawson Crouse.
4:02 of 2nd period - Stopped by Alexandar Georgiev without a rebound.
4:03 of 2nd period - Ryan O'Reilly wins face-off versus Robert Nilsson in Canucks zone.
4:07 of 2nd period - Minor Penalty to Josh Gorges for Cross-checking.
4:08 of 2nd period - Kyle Clifford wins face-off versus Andrei Loktionov in Canucks zone.
4:08 of 2nd period - Kyle Clifford is hit by Andrei Loktionov.
4:40 of 2nd period - Icing by Andrew Cogliano.
4:41 of 2nd period - Ryan O'Reilly wins face-off versus Kyle Clifford in Golden Knights zone.
4:58 of 2nd period - Snap shot by Danny DeKeiser.
4:58 of 2nd period - Shot Misses the Net.
5:12 of 2nd period - Jake Guentzel is hit by Derick Brassard.
6:07 of 2nd period - Penalty to Josh Gorges is over, Josh Gorges is back on ice.
6:34 of 2nd period - Wrist shot by Gilbert Brule.
6:34 of 2nd period - Shot Misses the Net.
6:36 of 2nd period - Wrist shot by Gilbert Brule.
6:36 of 2nd period - Shot Misses the Net.
6:38 of 2nd period - Wrist shot by Gilbert Brule.
6:38 of 2nd period - Shot Blocked by Anton Lindholm.
6:48 of 2nd period - Anton Lindholm is hit by Josh Bailey and loses puck.
7:58 of 2nd period - Slapshot by Danny DeKeiser.
7:58 of 2nd period - Shot Misses the Net.
8:00 of 2nd period - Wrist shot by Jake Guentzel.
8:00 of 2nd period - Stopped by Alexandar Georgiev without a rebound.
8:01 of 2nd period - Gilbert Brule wins face-off versus Andrei Loktionov in Canucks zone.
8:25 of 2nd period - Jamie Oleksiak is hit by Drew Doughty.
8:47 of 2nd period - Slapshot by Drew Doughty.
8:47 of 2nd period - Shot Misses the Net.
8:57 of 2nd period - Slapshot by Derick Brassard.
8:57 of 2nd period - Stopped by Ondrej Pavelec with a rebound.
9:13 of 2nd period - Snap shot by Gilbert Brule.
9:13 of 2nd period - Shot Blocked by Corey Shueneman.
9:15 of 2nd period - Slapshot by Josh Gorges.
9:15 of 2nd period - Shot Blocked by Corey Shueneman.
9:37 of 2nd period - Wrist shot by Andrei Loktionov.
9:37 of 2nd period - Shot Hit the Post.
10:54 of 2nd period - Tom Wilson is hit by Kyle Clifford and loses puck.
11:34 of 2nd period - Snap shot by Jake Guentzel.
11:34 of 2nd period - Stopped by Alexandar Georgiev with a rebound.
11:36 of 2nd period - Snap shot by Alexander Radulov.
11:36 of 2nd period - Stopped by Alexandar Georgiev without a rebound.
11:37 of 2nd period - Brandon Sutter wins face-off versus Andrei Loktionov in Canucks zone.
12:29 of 2nd period - Snap shot by Michael Raffl.
12:29 of 2nd period - Stopped by Alexandar Georgiev without a rebound.
12:30 of 2nd period - Sebastian Aho wins face-off versus Brandon Sutter in Canucks zone.
12:45 of 2nd period - Slapshot by Brandon Sutter.
12:45 of 2nd period - Shot Blocked by Mathew Dumba.
13:16 of 2nd period - Slapshot by Kyle Clifford.
13:16 of 2nd period - Stopped by Ondrej Pavelec with a rebound.
13:18 of 2nd period - Slapshot by Tyler Myers.
13:18 of 2nd period - Shot Blocked by Jamie Oleksiak.
13:32 of 2nd period - Derick Brassard is hit by Tom Wilson and loses puck.
13:37 of 2nd period - Wrist shot by Ryan O'Reilly.
13:37 of 2nd period - Shot Misses the Net.
13:39 of 2nd period - Slapshot by Jamie Oleksiak.
13:39 of 2nd period - Shot Misses the Net.
13:51 of 2nd period - Wrist shot by Sebastian Aho.
13:51 of 2nd period - Shot Misses the Net.
14:01 of 2nd period - Wrist shot by Derick Brassard.
14:01 of 2nd period - Shot Misses the Net.
14:03 of 2nd period - Slapshot by Sam Gagner.
14:03 of 2nd period - Stopped by Ondrej Pavelec without a rebound.
14:04 of 2nd period - Andrew Cogliano wins face-off versus Robert Nilsson in Golden Knights zone.
14:29 of 2nd period - Mathew Dumba is hit by Gilbert Brule and loses puck.
17:04 of 2nd period - Slapshot by Josh Gorges.
17:04 of 2nd period - Shot Misses the Net.
17:06 of 2nd period - Snap shot by Sam Gagner.
17:06 of 2nd period - Stopped by Ondrej Pavelec without a rebound.
17:07 of 2nd period - Brandon Sutter wins face-off versus Ryan O'Reilly in Golden Knights zone.
17:28 of 2nd period - Josh Bailey is hit by Tom Wilson.
17:32 of 2nd period - Andrew Cogliano is hit by Drew Doughty and loses puck.
17:47 of 2nd period - Snap shot by Robert Nilsson.
17:47 of 2nd period - Shot Blocked by Danny DeKeiser.
17:49 of 2nd period - Snap shot by Michael Kostka.
17:49 of 2nd period - Shot Misses the Net.
17:51 of 2nd period - Wrist shot by Marcus Johansson.
17:51 of 2nd period - Shot Misses the Net.
18:17 of 2nd period - Snap shot by Sebastian Aho.
18:17 of 2nd period - Stopped by Alexandar Georgiev without a rebound.
18:18 of 2nd period - Sebastian Aho wins face-off versus Gilbert Brule in Canucks zone.
18:25 of 2nd period - Wrist shot by Sebastian Aho.
18:25 of 2nd period - Shot Blocked by Hampus Lindholm.
18:27 of 2nd period - Slapshot by Corey Shueneman.
18:27 of 2nd period - Stopped by Alexandar Georgiev with a rebound.
18:54 of 2nd period - Snap shot by Andrei Loktionov.
18:54 of 2nd period - Shot Misses the Net.
19:15 of 2nd period - Tyler Myers is hit by Kyle Rau and loses puck.
19:26 of 2nd period - Snap shot by Robert Nilsson.
19:26 of 2nd period - Stopped by Ondrej Pavelec with a rebound.
19:28 of 2nd period - Slapshot by Drew Doughty.
19:28 of 2nd period - Shot Blocked by Olli Maatta.
19:30 of 2nd period - Slapshot by Robert Nilsson.
19:30 of 2nd period - Goal by Robert Nilsson - Canucks : 1 - Golden Knights : 2.
19:31 of 2nd period - Brandon Sutter wins face-off versus Andrei Loktionov in neutral zone.
19:48 of 2nd period - Snap shot by Andrei Loktionov.
19:48 of 2nd period - Stopped by Alexandar Georgiev with a rebound.
19:58 of 2nd period - Mathew Dumba is hit by Michael Kostka and loses puck.
Goals for this period are 1 for Canucks vs 1 for Golden Knights.
Shots for this period are 11 for Canucks vs 9 for Golden Knights.
3rd period
0:01 of 3rd period - Robert Nilsson wins face-off versus Andrei Loktionov in neutral zone.
0:09 of 3rd period - Jake Guentzel is hit by Robert Nilsson and loses puck.
0:22 of 3rd period - Minor Penalty to Tyler Myers for Holding.
0:23 of 3rd period - Andrei Loktionov wins face-off versus Kyle Clifford in Canucks zone.
2:22 of 3rd period - Penalty to Tyler Myers is over, Tyler Myers is back on ice.
2:33 of 3rd period - Kyle Rau is hit by Jujhar Khaira and loses puck.
2:55 of 3rd period - Wrist shot by Sebastian Aho.
2:55 of 3rd period - Shot Blocked by Derick Brassard.
2:57 of 3rd period - Snap shot by Victor Olofsson.
2:57 of 3rd period - Stopped by Alexandar Georgiev without a rebound.
2:58 of 3rd period - Sebastian Aho wins face-off versus Gilbert Brule in Canucks zone.
3:12 of 3rd period - Off-side.
3:13 of 3rd period - Robert Nilsson wins face-off versus Andrei Loktionov in neutral zone.
3:15 of 3rd period - Off-side.
3:16 of 3rd period - Andrei Loktionov wins face-off versus Robert Nilsson in neutral zone.
3:25 of 3rd period - Snap shot by Alexander Radulov.
3:25 of 3rd period - Stopped by Alexandar Georgiev with a rebound.
3:27 of 3rd period - Snap shot by Alexander Radulov.
3:27 of 3rd period - Stopped by Alexandar Georgiev without a rebound.
3:28 of 3rd period - Robert Nilsson wins face-off versus Andrei Loktionov in Canucks zone.
4:21 of 3rd period - Olli Maatta is hit by Maxim Talbot and loses puck.
4:36 of 3rd period - Snap shot by Gilbert Brule.
4:36 of 3rd period - Shot Misses the Net.
4:38 of 3rd period - Wrist shot by Jujhar Khaira.
4:38 of 3rd period - Shot Blocked by Luke Glendening.
4:40 of 3rd period - Slapshot by Gilbert Brule.
4:40 of 3rd period - Stopped by Ondrej Pavelec without a rebound.
4:41 of 3rd period - Gilbert Brule wins face-off versus Andrei Loktionov in Golden Knights zone.
4:52 of 3rd period - Jujhar Khaira is hit by Corey Shueneman and loses puck.
4:57 of 3rd period - Snap shot by Alexander Radulov.
4:57 of 3rd period - Stopped by Alexandar Georgiev with a rebound.
5:31 of 3rd period - Slapshot by Danny DeKeiser.
5:31 of 3rd period - Deflect By Lawson Crouse.
5:31 of 3rd period - Shot Misses the Net.
5:31 of 3rd period - Puck is out of play.
5:32 of 3rd period - Andrei Loktionov wins face-off versus Brandon Sutter in Canucks zone.
5:43 of 3rd period - Slapshot by Andrei Loktionov.
5:43 of 3rd period - Shot Misses the Net.
5:45 of 3rd period - Wrist shot by Andrei Loktionov.
5:45 of 3rd period - Shot Misses the Net.
6:48 of 3rd period - Slapshot by Victor Olofsson.
6:48 of 3rd period - Stopped by Alexandar Georgiev with a rebound.
7:18 of 3rd period - Slapshot by Hampus Lindholm.
7:18 of 3rd period - Deflect By Anton Lindholm.
7:18 of 3rd period - Stopped by Ondrej Pavelec with a rebound.
7:48 of 3rd period - Slapshot by Luke Glendening.
7:48 of 3rd period - Stopped by Alexandar Georgiev without a rebound.
7:49 of 3rd period - Brandon Sutter wins face-off versus Lawson Crouse in Canucks zone.
8:02 of 3rd period - Backhand shot by Luke Glendening.
8:02 of 3rd period - Goal by Luke Glendening - Canucks : 1 - Golden Knights : 3.
8:03 of 3rd period - Andrei Loktionov wins face-off versus Robert Nilsson in neutral zone.
8:16 of 3rd period - Snap shot by Andrei Loktionov.
8:16 of 3rd period - Goal by Andrei Loktionov - Canucks : 1 - Golden Knights : 4.
8:17 of 3rd period - Kyle Clifford wins face-off versus Andrei Loktionov in neutral zone.
8:25 of 3rd period - Wrist shot by Robert Nilsson.
8:25 of 3rd period - Shot Misses the Net.
8:27 of 3rd period - Wrist shot by Marcus Johansson.
8:27 of 3rd period - Shot Misses the Net.
8:29 of 3rd period - Wrist shot by Robert Nilsson.
8:29 of 3rd period - Stopped by Ondrej Pavelec without a rebound.
8:30 of 3rd period - Andrei Loktionov wins face-off versus Robert Nilsson in Golden Knights zone.
8:30 of 3rd period - Andrei Loktionov is hit by Kyle Clifford.
8:36 of 3rd period - Slapshot by Danny DeKeiser.
8:36 of 3rd period - Shot Misses the Net.
8:38 of 3rd period - Slapshot by Danny DeKeiser.
8:38 of 3rd period - Shot Misses the Net.
8:40 of 3rd period - Wrist shot by Andrei Loktionov.
8:40 of 3rd period - Shot Blocked by Tyler Myers.
8:46 of 3rd period - Snap shot by Alexander Radulov.
8:46 of 3rd period - Shot Misses the Net.
9:30 of 3rd period - Slapshot by Gilbert Brule.
9:30 of 3rd period - Shot Misses the Net.
9:40 of 3rd period - Daniel Carcillo is hit by Olli Maatta and loses puck.
10:40 of 3rd period - Snap shot by Lawson Crouse.
10:40 of 3rd period - Shot Misses the Net.
10:44 of 3rd period - Snap shot by Kyle Rau.
10:44 of 3rd period - Shot Blocked by Marcus Johansson.
10:46 of 3rd period - Snap shot by Corey Shueneman.
10:46 of 3rd period - Shot Misses the Net.
10:48 of 3rd period - Slapshot by Anton Lindholm.
10:48 of 3rd period - Deflect By Luke Glendening.
10:48 of 3rd period - Shot Misses the Net.
10:48 of 3rd period - Puck is out of play.
10:49 of 3rd period - Andrei Loktionov wins face-off versus Brandon Sutter in Canucks zone.
10:56 of 3rd period - Slapshot by Josh Gorges.
10:56 of 3rd period - Deflect By Sam Gagner.
10:56 of 3rd period - Shot Blocked by Olli Maatta.
10:56 of 3rd period - Puck is out of play.
10:57 of 3rd period - Brandon Sutter wins face-off versus Andrei Loktionov in Golden Knights zone.
11:14 of 3rd period - Snap shot by Brandon Sutter.
11:14 of 3rd period - Goal by Brandon Sutter - Canucks : 2 - Golden Knights : 4.
11:15 of 3rd period - Robert Nilsson wins face-off versus Andrei Loktionov in neutral zone.
11:21 of 3rd period - Snap shot by Marcus Johansson.
11:21 of 3rd period - Shot Misses the Net.
11:25 of 3rd period - Wrist shot by Marcus Johansson.
11:25 of 3rd period - Shot Blocked by Danny DeKeiser.
11:27 of 3rd period - Snap shot by Marcus Johansson.
11:27 of 3rd period - Shot Misses the Net.
11:40 of 3rd period - Icing by Alexander Radulov.
11:41 of 3rd period - Brandon Sutter wins face-off versus Ryan O'Reilly in Golden Knights zone.
12:14 of 3rd period - Slapshot by Kyle Clifford.
12:14 of 3rd period - Shot Blocked by Alexander Radulov.
12:16 of 3rd period - Snap shot by Robert Nilsson.
12:16 of 3rd period - Stopped by Ondrej Pavelec without a rebound.
12:17 of 3rd period - Andrei Loktionov wins face-off versus Robert Nilsson in Golden Knights zone.
12:17 of 3rd period - Andrei Loktionov is hit by Marcus Johansson.
12:18 of 3rd period - Andrei Loktionov from Golden Knights is injured at 12:18 of 3rd period (Strained Left Elbow).
12:19 of 3rd period - Tom Wilson wins face-off versus Kyle Clifford in Golden Knights zone.
12:54 of 3rd period - Snap shot by Derick Brassard.
12:54 of 3rd period - Stopped by Ondrej Pavelec with a rebound.
12:56 of 3rd period - Snap shot by Sam Gagner.
12:56 of 3rd period - Stopped by Ondrej Pavelec with a rebound.
12:58 of 3rd period - Snap shot by Brandon Sutter.
12:58 of 3rd period - Stopped by Ondrej Pavelec with a rebound.
13:12 of 3rd period - Slapshot by Hampus Lindholm.
13:12 of 3rd period - Deflect By Jujhar Khaira.
13:12 of 3rd period - Stopped by Ondrej Pavelec without a rebound.
13:13 of 3rd period - Robert Nilsson wins face-off versus Victor Olofsson in Golden Knights zone.
13:28 of 3rd period - Slapshot by Jamie Oleksiak.
13:28 of 3rd period - Shot Misses the Net.
13:30 of 3rd period - Wrist shot by Michael Raffl.
13:30 of 3rd period - Stopped by Alexandar Georgiev with a rebound.
13:32 of 3rd period - Snap shot by Sebastian Aho.
13:32 of 3rd period - Shot Blocked by Hampus Lindholm.
13:34 of 3rd period - Backhand shot by Jamie Oleksiak.
13:34 of 3rd period - Stopped by Alexandar Georgiev with a rebound.
13:36 of 3rd period - Snap shot by Victor Olofsson.
13:36 of 3rd period - Stopped by Alexandar Georgiev with a rebound.
13:52 of 3rd period - Snap shot by Marcus Johansson.
13:52 of 3rd period - Stopped by Ondrej Pavelec with a rebound.
13:54 of 3rd period - Snap shot by Robert Nilsson.
13:54 of 3rd period - Shot Misses the Net.
13:56 of 3rd period - Wrist shot by Robert Nilsson.
13:56 of 3rd period - Stopped by Ondrej Pavelec without a rebound.
13:57 of 3rd period - Tom Wilson wins face-off versus Brandon Sutter in Golden Knights zone.
14:20 of 3rd period - Wrist shot by Luke Glendening.
14:20 of 3rd period - Shot Misses the Net.
16:17 of 3rd period - Off-side.
16:18 of 3rd period - Luke Glendening wins face-off versus Brandon Sutter in neutral zone.
16:36 of 3rd period - Snap shot by Kyle Clifford.
16:36 of 3rd period - Stopped by Ondrej Pavelec without a rebound.
16:37 of 3rd period - Ryan O'Reilly wins face-off versus Marcus Johansson in Golden Knights zone.
16:50 of 3rd period - Slapshot by Drew Doughty.
16:50 of 3rd period - Stopped by Ondrej Pavelec with a rebound.
16:56 of 3rd period - Minor Penalty to Ryan O'Reilly for Hooking.
16:57 of 3rd period - Alexander Radulov wins face-off versus Robert Nilsson in Golden Knights zone.
17:11 of 3rd period - Minor Penalty to Tyler Myers for Tripping.
17:12 of 3rd period - Kyle Clifford wins face-off versus Alexander Radulov in Canucks zone.
17:12 of 3rd period - Kyle Clifford is hit by Jake Guentzel.
17:17 of 3rd period - Jake Guentzel is hit by Ben Lovejoy and loses puck.
17:22 of 3rd period - Wrist shot by Robert Nilsson.
17:22 of 3rd period - Shot Blocked by Alexander Radulov.
17:24 of 3rd period - Wrist shot by Drew Doughty.
17:24 of 3rd period - Shot Misses the Net.
17:26 of 3rd period - Wrist shot by Kyle Clifford.
17:26 of 3rd period - Stopped by Ondrej Pavelec without a rebound.
17:27 of 3rd period - Kyle Clifford wins face-off versus Alexander Radulov in Golden Knights zone.
17:38 of 3rd period - Drew Doughty is hit by Mathew Dumba and loses puck.
18:42 of 3rd period - Brandon Sutter is hit by Danny DeKeiser.
18:56 of 3rd period - Penalty to Ryan O'Reilly is over, Ryan O'Reilly is back on ice.
19:11 of 3rd period - Penalty to Tyler Myers is over, Tyler Myers is back on ice.
19:50 of 3rd period - Wrist shot by Tom Wilson.
19:50 of 3rd period - Stopped by Alexandar Georgiev with a rebound.
19:52 of 3rd period - Slapshot by Olli Maatta.
19:52 of 3rd period - Stopped by Alexandar Georgiev with a rebound.
19:54 of 3rd period - Slapshot by Jamie Oleksiak.
19:54 of 3rd period - Shot Misses the Net.
Goals for this period are 1 for Canucks vs 2 for Golden Knights.
Shots for this period are 14 for Canucks vs 13 for Golden Knights.